 Dungeon Sprint DCSS version 0.21.1-1-g345015f (webtiles) character file.

483 doot the Basher (level 8, -4/89 HPs)
             Began as a Troll Berserker on June 12, 2018.
             Was a High Priest of Trog.
             Slain by a sun demon (27 damage)
             ... in the Dungeon (Sprint VI: "Thunderdome").
             The game lasted 00:07:33 (742 turns).

doot the Basher (Troll Berserker)                    Turns: 742, Time: 00:07:35

Health: -4/89      AC: 10    Str: 32    XL:     8   Next: 59%
Magic:  7/7        EV: 15    Int:  1    God:    Trog [*****.]
Gold:   25         SH:  0    Dex: 15    Spells: 7/7 levels left

rFire    x . .     SeeInvis .   b - +0 giant club
rCold    + . .     Gourm    +   (shield currently unavailable)
rNeg     + . .     Faith    .   w - +0 troll leather armour
rPois    +         Spirit   .   A - +3 hat of the Lair of Beasts {+Blink rElec rF- rC+}
rElec    +         Reflect  .   (no cloak)
rCorr    .         Harm     .   (gloves unavailable)
MR       .....     NoTele   +   (boots unavailable)
Stlth    +.........             v - amulet of the Iron Devil {rPois Regen+ Dex+3 Stlth+}
HPRegen  1.44/turn              o - ring "Enaumy" {rPois rN+ Str+4}
MPRegen  0.10/turn              q - ring of Xom's Full Attention {rElec Int-2 Dex+3 Stlth-}

@: no status effects
A: large, unfitting armour, claws 3, fast metabolism 3, gourmand, regeneration
1, shaggy fur 1, tough skin 2
}: 1/15 runes: serpentine
a: Berserk, Trog's Hand, Brothers in Arms, Burn Spellbooks, Renounce Religion,
Evoke Blink


You were in the Dungeon.
You worshipped Trog.
Trog was extremely pleased with you.
You were not hungry.

You visited 1 branch You collected 850 gold pieces.
You spent 825 gold pieces at shops.

Inventory:

Hand Weapons
 a - a +1 dire flail of holy wrath
 b - a +0 giant club (weapon)
 u - a +0 mace
 z - a +3 shortbow of freezing
Armour
 n - a +0 animal skin
 w - a +0 troll leather armour (worn)
 A - the +3 hat of the Lair of Beasts (worn) {+Blink rElec rF- rC+}
   (You bought it in a shop in the Dungeon)

   It makes you vulnerable to fire.
   It protects you from cold.
   It insulates you from electricity.
   It lets you blink.
Jewellery
 o - the ring "Enaumy" (left claw) {rPois rN+ Str+4}
   (You bought it in a shop in the Dungeon)

   [ring of positive energy]

   It affects your strength (+4).
   It protects you from poison.
   It protects you from negative energy.
 p - the ring of Vampiric Thralls {+Fly rElec rC+ Str-3 Int+2}
   (You bought it in a shop in the Dungeon)

   [ring of protection from cold]

   It affects your strength (-3).
   It affects your intelligence (+2).
   It protects you from cold.
   It insulates you from electricity.
   It lets you fly.
 q - the ring of Xom's Full Attention (right claw) {rElec Int-2 Dex+3 Stlth-}
   (You bought it in a shop in the Dungeon)

   [ring of loudness]

   It affects your intelligence (-2).
   It affects your dexterity (+3).
   It insulates you from electricity.
   It makes you less stealthy.
 v - the amulet of the Iron Devil (around neck) {rPois Regen+ Dex+3 Stlth+}
   (You bought it in a shop in the Dungeon)

   [amulet of regeneration]

   It affects your dexterity (+3).
   It protects you from poison.
   It increases your rate of regeneration.
   It makes you more stealthy.
Wands
 j - a wand of acid (5)
 k - a wand of iceblast (5)
 s - a wand of flame (22)
 y - a wand of paralysis (14)
Scrolls
 i - 4 scrolls of blinking
 l - 3 scrolls of fog
 t - 3 scrolls of identify
Potions
 d - a potion of curing
 e - 4 potions of heal wounds
 f - 4 potions of haste
 g - 2 potions of magic
 h - a potion of berserk rage
 m - a potion of resistance
 r - a potion of flight {unknown}
 x - a potion of experience
Comestibles
 c - a ration


   Skills:
 + Level 8.4 Fighting
 + Level 9.7 Maces & Flails
 + Level 3.0 Armour
 + Level 8.8 Dodging
 + Level 0.1 Stealth
 + Level 8.2 Unarmed Combat


You had 7 spell levels left.
You didn't know any spells.

Dungeon Overview and Level Annotations

Branches:
Dungeon (1/1)

Altars:
Cheibriados
Dithmenos
Fedhas
Gozag
Kikubaaqudgha
Makhleb
Okawaru
Qazlal
Ru
Sif Muna
Trog
Uskayaw
Vehumet
Wu Jian
Xom
Yredelemnul
Zin
The Shining One
Beogh
Jiyva
Lugonu

Shops:
D *[%??*?*:[((!!!!


Innate Abilities, Weirdness & Mutations

You are too large for most types of armour.
You have claws for hands.
Your metabolism is lightning-fast.
You like to eat raw meat.
Your natural rate of healing is unusually fast.
You are covered in fur. (AC +1)
You have very tough skin. (AC +2)


Message History

The sun demon shouts!
There is a staircase leading out of the dungeon, spattered with blood here.
You see here the guardian serpent corpse of Aizul.
You hit the sun demon but do no damage.
The sun demon hits you but does no damage.
You closely miss the sun demon. The sun demon barely misses you.
A fire elemental comes into view.
You hit the sun demon but do no damage. The sun demon hits you!
You are engulfed in flames!
The fire burns you terribly!
The fire elemental moves out of view.
The sun demon misses you.
Unknown command.
Unknown command.
Take off which item? (? for menu, Esc to quit)
The sun demon hits you!
Keep disrobing?
You are engulfed in flames!
The fire burns you terribly! The sun demon hits you!
* * * LOW HITPOINT WARNING * * *
You are engulfed in flames!!
The fire burns you terribly!
You die...

#⌠...........⌠#
######.8.........8.######
##∩___......###...§§.___∩##
###∩....)...8.# #.8§..§....∩##
##.......[....[###§§...........
#⌠..........###..§###..........
#⌠.[.....[..# #.E.# #..........
#⌠...†......###3..###..........
##....†.......@###.)...........
###∩........8.# #.8........∩##
##∩___......###......___∩##
######.8.........8.######
#⌠...........⌠# ###[........###
#.........# #_......._#
#_......._#


You could see a sun demon and a fire elemental.

Vanquished Creatures
  A naga mage (D)
  Psyche (D)
  Edmund (D)
  An ice beast (D)
  An ogre (D)
  A scorpion (D)
  4 killer bees (D)
  A gnoll shaman (D)
  3 jellies (D)
  Jessica (D)
  An adder (D)
  3 oozes (D)
  An orc (D)
  A goblin (D)
  A leopard gecko skeleton (D)
22 creatures vanquished.

Vanquished Creatures (collateral kills)
  Aizul (D)
1 creature vanquished.

Grand Total: 23 creatures vanquished

Notes
Turn   | Place    | Note
-------+----------+-------------------------------------------
     0 | D        | doot the Troll Berserker began the quest for the Orb.
     0 | D        | Reached XP level 1. HP: 22/22 MP: 0/0
     2 | D        | Found a snail-covered altar of Cheibriados.
     2 | D        | Found a basalt altar of Yredelemnul.
     3 | D        | Found a burning altar of Makhleb.
     3 | D        | Found a stormy altar of Qazlal.
     4 | D        | Found a glowing golden altar of the Shining One.
     4 | D        | Found a corrupted altar of Lugonu.
     5 | D        | Found Civox's Delicious Food.
     5 | D        | Found a glowing silver altar of Zin.
     5 | D        | Found a bloodstained altar of Trog.
     5 | D        | Found Joipic Faure's Identification Station.
     6 | D        | Found Nihocri's Jewellery.
     6 | D        | Found Esigh's Advanced Armour.
     6 | D        | Round 1.
    15 | D        | Bought a translucent graven amulet for 45 gold pieces
    15 | D        | Bought a scorched marble ring for 45 gold pieces
    15 | D        | Bought a crude turquoise ring for 45 gold pieces
    15 | D        | Identified the amulet of the Iron Devil {rPois Regen+ Dex+3 Stlth+} (You bought it in a shop in the Dungeon)
    16 | D        | Identified the ring "Enaumy" {rPois rN+ Str+4} (You bought it in a shop in the Dungeon)
    17 | D        | Identified the ring of Vampiric Thralls {+Fly rElec rC+ Str-3 Int+2} (You bought it in a shop in the Dungeon)
    18 | D        | Bought a glittering glass ring for 45 gold pieces
    19 | D        | Identified the ring of Xom's Full Attention {rElec Int-2 Dex+3 Stlth-} (You bought it in a shop in the Dungeon)
    26 | D        | Reached skill level 3 in Maces & Flails
    28 | D        | Found a deep blue altar of Sif Muna.
    29 | D        | Found Boebod's Magic Scroll Shop.
    30 | D        | Found Fiureawn's Magic Scroll Shop.
    30 | D        | Found Axzudyepn's Must-Have Magic.
    31 | D        | Found a hide-covered altar of Uskayaw.
    31 | D        | Found an iron altar of Okawaru.
    31 | D        | Found Edusmash's Staff Store.
    35 | D        | Found a sacrificial altar of Ru.
    36 | D        | Found a shadowy altar of Dithmenos.
    37 | D        | Found a shimmering altar of Xom.
    38 | D        | Found Uqigyqu's Distillery.
    39 | D        | Found Emor's Distillery.
    39 | D        | Found Ret Vuav's Bottled Wisdom.
    40 | D        | Found an opulent altar of Gozag.
    40 | D        | Found a radiant altar of Vehumet.
    40 | D        | Found an ancient bone altar of Kikubaaqudgha.
    40 | D        | Found Zisuil's Do-It-Yourself Clinic.
    45 | D        | Found an ornate altar of the Wu Jian Council.
    46 | D        | Found a blossoming altar of Fedhas.
    47 | D        | Found Efentisats's Weapon Rack.
    48 | D        | Found Dingu's Basic Armour.
    48 | D        | Found Mufam's Miscellaneous Merchandise.
    49 | D        | Found a roughly hewn altar of Beogh.
    49 | D        | Found a viscous altar of Jiyva.
    49 | D        | Found Wueroext's Premium Goods.
   128 | D        | Noticed Jessica
   133 | D        | Killed Jessica
   133 | D        | Reached ** piety under Trog
   133 | D        | Reached skill level 4 in Maces & Flails
   133 | D        | Reached XP level 2. HP: 25/32 MP: 1/1
   160 | D        | Reached XP level 3. HP: 33/39 MP: 2/2
   164 | D        | Arena points: 12 (+12) [x2]
   164 | D        | Reached skill level 1 in Unarmed Combat
   218 | D        | Round 2.
   222 | D        | Reached *** piety under Trog
   222 | D        | Reached skill level 5 in Maces & Flails
   222 | D        | Reached XP level 4. HP: 49/49 MP: 3/3
   225 | D        | Reached skill level 5 in Fighting
   225 | D        | Reached skill level 5 in Dodging
   230 | D        | Reached XP level 5. HP: 39/57 MP: 4/4
   235 | D        | Reached **** piety under Trog
   238 | D        | Arena points: 54 (+42) [x3]
   303 | D        | Round 3.
   305 | D        | Noticed Edmund
   317 | D        | Killed Edmund
   317 | D        | Reached skill level 6 in Maces & Flails
   317 | D        | Reached XP level 6. HP: 64/67 MP: 5/5
   333 | D        | Reached skill level 5 in Unarmed Combat
   377 | D        | Reached ***** piety under Trog
   377 | D        | Reached skill level 7 in Maces & Flails
   384 | D        | Noticed an ice beast
   388 | D        | Noticed Psyche
   396 | D        | Killed an ice beast
   398 | D        | Killed Psyche
   398 | D        | Arena points: 138 (+84) [x4]
   398 | D        | Reached skill level 8 in Maces & Flails
   398 | D        | Reached XP level 7. HP: 79/79 MP: 6/6
   415 | D        | Bought a +0 troll leather armour for 180 gold pieces
   448 | D        | Round 4.
   504 | D        | Arena points: 238 (+100) [x5]
   512 | D        | Bought 3 scrolls of identify for 150 gold pieces
   519 | D        | Round 5.
   526 | D        | Noticed a naga mage
   529 | D        | Noticed Aizul
   537 | D        | Killed a naga mage
   537 | D        | Received a gift from Trog
   537 | D        | Reached skill level 9 in Maces & Flails
   537 | D        | Reached XP level 8. HP: 88/88 MP: 7/7
   546 | D        | Killed Aizul
   546 | D        | Arena points: 483 (+245) [x7]
   547 | D        | Got a serpentine rune of Zot
   577 | D        | Bought a crude hat for 315 gold pieces
   582 | D        | Identified the +3 hat of the Lair of Beasts {+Blink rElec rF- rC+} (You bought it in a shop in the Dungeon)
   715 | D        | Round 6.
   734 | D        | Noticed a sun demon
   742 | D        | Slain by a sun demon

Skill      XL: |  1  2  3  4  5  6  7  8 |
---------------+-------------------------+-----
Maces & Flails | 4 5 6 8 9 |  9.7
Fighting       | 3 4 5 6 7 8 |  8.4
Dodging        | 3 4 5 6 8 |  8.8
Unarmed Combat | 1 2 4 7 8 |  8.2
Armour         | 2 3 |  3.0
Stealth        | |  0.1

Action                   |  1- 3 |  4- 6 |  7- 9 || total
-------------------------+-------+-------+-------++-------
Melee: Unarmed           |    21 |    21 |       ||    42
       Dire flail        |       |    16 |       ||    16
       Giant club        |       |       |    37 ||    37
Invok: Berserk           |       |     2 |     2 ||     4
       Brothers in Arms  |       |       |     1 ||     1
  Eat: Chunk             |       |     1 |     5 ||     6
       Ration            |       |       |     1 ||     1
Armor: Animal skin       |     8 |     3 |       ||    11
       Troll leather arm |       |       |    10 ||    10
Dodge: Dodged            |     9 |    17 |    47 ||    73
